TOP OF THE 1ST |
Springfield Shooters batting - Pitching for Richland Rails : RHP Gary Kellenberger
|
Pitching: RHP Gary Kellenberger
|
|
Batting: SHB Benedict Patel
|
0-0: Ball 1-0: Ball 2-0: Called Strike 2-1: Foul Ball, location: 2F 2-2: Foul Ball, location: 2F 2-2: Ball 3-2: Foul Ball, location: 2F 3-2: Base on Balls
|
Batting: RHB Javier Vásquez
|
0-0: Ball 1-0: Ground out 5-3 (Groundball, 56S) Benedict Patel to second
|
Batting: LHB Shahid Afridi
|
0-0: Called Strike 0-1: Foul Ball, location: 2F 0-2: Ball 1-2: Foul Ball, location: 2F 1-2: Ball 2-2: Foul Ball, location: 2F 2-2: Foul Ball, location: 2F 2-2: Ball 3-2: Strikes out looking
|
Batting: RHB Gabrio Campoverde
|
0-0: Called Strike 0-1: Ball 1-1: SINGLE (Groundball, 4MS) (infield hit) Benedict Patel to third
|
Batting: LHB Guillermo Castro
|
0-0: Ball 1-0: Called Strike 1-1: Called Strike 1-2: Strikes out swinging
|
Top of the 1st over - 0 run(s), 1 hit(s), 0 error(s), 2 left on base; Springfield 0 - Richland 0 |
BOTTOM OF THE 1ST |
Richland Rails batting - Pitching for Springfield Shooters : RHP Atila Freska
|
Pitching: RHP Atila Freska
|
|
Batting: RHB Fernando Granados
|
0-0: Called Strike 0-1: Ball 1-1: Ball 2-1: Foul Ball, location: 2F 2-2: Foul Ball, location: 2F 2-2: Fly out, F1 (Line Drive, 13)
|
Batting: LHB Armando Peña
|
0-0: Ball 1-0: Foul Ball, location: 2F 1-1: Foul Ball, location: 2F 1-2: Ball 2-2: Foul Ball, location: 2F 2-2: Ball 3-2: SINGLE (Line Drive, 7LM)
|
Batting: RHB Michael Bradshaw
|
0-0: Ball 1-0: Ball 2-0: Ball 3-0: Base on Balls Armando Peña to second
|
Batting: SHB Pablo Coloa
|
0-0: Called Strike 0-1: Foul Ball, location: 2F 0-2: Fly out, F8 (Flyball, 78D)
|
Batting: RHB Kazu Hishida
|
0-0: SINGLE (Groundball, 4D) Armando Peña to third Michael Bradshaw to second Runner from 3rd tries for Home, SAFE, no throw
|
Batting: RHB Christian Gentry
|
0-0: Ball 1-0: Foul Ball, location: 2F 1-1: Swinging Strike 1-2: Strikes out swinging
|
Bottom of the 1st over - 1 run(s), 2 hit(s), 0 error(s), 2 left on base; Springfield 0 - Richland 1 |
TOP OF THE 2ND |
Springfield Shooters batting - Pitching for Richland Rails : RHP Gary Kellenberger
|
Batting: LHB Daniel Faraday
|
0-0: Ball 1-0: Ball 2-0: Foul Ball, location: 2F 2-1: Ball 3-1: Foul Ball, location: 2F 3-2: Foul Ball, location: 2F 3-2: Base on Balls
|
Batting: RHB Esteban Alvarado
|
0-0: Ball 1-0: Ball 2-0: Foul Ball, location: 2F 2-1: Ball 3-1: Called Strike 3-2: Base on Balls Daniel Faraday to second
|
Batting: RHB Willis Kirkendall
|
0-0: Foul Ball, location: 2F 0-1: Ball 1-1: Ball 2-1: Swinging Strike 2-2: Strikes out swinging
|
Batting: RHB Francisco Gonzáles
|
0-0: Ball 1-0: Ball 2-0: SINGLE (Line Drive, 6M) Daniel Faraday to third Esteban Alvarado to second
|
Batting: SHB Benedict Patel
|
0-0: Called Strike 0-1: Ball 1-1: Foul Ball, location: 2F 1-2: Ball 2-2: SINGLE (Groundball, 56D) Daniel Faraday scores Esteban Alvarado to third Francisco Gonzáles to second Runner from 3rd tries for Home, SAFE, throw made home Francisco Gonzáles to third Benedict Patel to second
|
Batting: RHB Javier Vásquez
|
0-0: Ball 1-0: SINGLE (Line Drive, 78M) Francisco Gonzáles scores Benedict Patel to third Runner from 3rd tries for Home, SAFE, no throw
|
Batting: LHB Shahid Afridi
|
0-0: Ball 1-0: Grounds into double play, 4-6-3 (Groundball, 34)
|
Top of the 2nd over - 4 run(s), 3 hit(s), 0 error(s), 0 left on base; Springfield 4 - Richland 1 |
BOTTOM OF THE 2ND |
Richland Rails batting - Pitching for Springfield Shooters : RHP Atila Freska
|
Batting: RHB Quigley Gibson
|
0-0: Ball 1-0: Ball 2-0: Swinging Strike 2-1: Swinging Strike 2-2: Strikes out swinging
|
Batting: RHB Lee Faught
|
0-0: Foul Ball, location: 2F 0-1: SINGLE (Line Drive, 78M)
|
Batting: RHB Trent Burch
|
0-0: Called Strike 0-1: Fly out, F8 (Flyball, 8LM)
|
Batting: RHB Fernando Granados
|
0-0: Ball 1-0: Ball 2-0: Foul Ball, location: 2F 2-1: Ball Wild Pitch! Lee Faught to second 3-1: Base on Balls
|
Batting: LHB Armando Peña
|
0-0: Ball 1-0: Called Strike 1-1: SINGLE (Groundball, 34D) Lee Faught to third Fernando Granados to second Runner from 3rd tries for Home, SAFE, no throw
|
Batting: RHB Michael Bradshaw
|
0-0: Ball 1-0: Ball 2-0: Fielders Choice at 2nd, 6-4 (Groundball, 6)
|
Bottom of the 2nd over - 1 run(s), 2 hit(s), 0 error(s), 1 left on base; Springfield 4 - Richland 2 |
TOP OF THE 3RD |
Springfield Shooters batting - Pitching for Richland Rails : RHP Gary Kellenberger
|
Batting: RHB Gabrio Campoverde
|
0-0: Called Strike 0-1: Ball 1-1: Ball 2-1: Ball 3-1: Called Strike 3-2: Base on Balls
|
Batting: LHB Guillermo Castro
|
0-0: Ball 1-0: Called Strike 1-1: Ball 2-1: SINGLE (Line Drive, 89S) Gabrio Campoverde to second Runner from 2nd tries for 3rd, SAFE, no throw
|
Batting: LHB Daniel Faraday
|
0-0: Ball 1-0: Ball 2-0: Foul Ball, location: 2F 2-1: Fielders Choice at 2nd, 5-4 (Groundball, 5) Gabrio Campoverde scores
|
Batting: RHB Esteban Alvarado
|
0-0: Called Strike 0-1: Ball 1-1: Called Strike 1-2: Grounds into double play, 6-4-3 (Groundball, 6)
|
Top of the 3rd over - 1 run(s), 1 hit(s), 0 error(s), 0 left on base; Springfield 5 - Richland 2 |
BOTTOM OF THE 3RD |
Richland Rails batting - Pitching for Springfield Shooters : RHP Atila Freska
|
Batting: SHB Pablo Coloa
|
0-0: Ball 1-0: Fly out, F7 (Flyball, 78S)
|
Batting: RHB Kazu Hishida
|
0-0: Ball 1-0: Ball 2-0: Ground out 1-3 (Groundball, 13S)
|
Batting: RHB Christian Gentry
|
0-0: Called Strike 0-1: Foul Ball, location: 2F 0-2: Foul Ball, location: 2F 0-2: Fly out, F2 (Popup, 15)
|
Bottom of the 3rd over - 0 run(s), 0 hit(s), 0 error(s), 0 left on base; Springfield 5 - Richland 2 |
TOP OF THE 4TH |
Springfield Shooters batting - Pitching for Richland Rails : RHP Gary Kellenberger
|
Batting: RHB Willis Kirkendall
|
0-0: Ball 1-0: Ball 2-0: Ball 3-0: Base on Balls
|
Batting: RHB Francisco Gonzáles
|
0-0: Ball 1-0: Ball 2-0: Called Strike 2-1: Foul Ball, location: 2F 2-2: Ball 3-2: Foul Ball, location: 2F 3-2: Strikes out swinging
|
Batting: SHB Benedict Patel
|
0-0: Called Strike 0-1: Swinging Strike 0-2: Fly out, F7 (Flyball, 7S)
|
Batting: RHB Javier Vásquez
|
0-0: Called Strike 0-1: Ball 1-1: Foul Ball, location: 2F 1-2: Ball 2-2: Ball 3-2: Ground out 6-3 (Groundball, 6)
|
Top of the 4th over - 0 run(s), 0 hit(s), 0 error(s), 1 left on base; Springfield 5 - Richland 2 |
BOTTOM OF THE 4TH |
Richland Rails batting - Pitching for Springfield Shooters : RHP Atila Freska
|
Batting: RHB Quigley Gibson
|
0-0: Ball 1-0: Fly out, F7 (Flyball, 78D)
|
Batting: RHB Lee Faught
|
0-0: Ground out U3 (Groundball, 3)
|
Batting: RHB Trent Burch
|
0-0: Ball 1-0: Foul Ball, location: 2F 1-1: Ground out 4-3 (Groundball, 4S)
|
Bottom of the 4th over - 0 run(s), 0 hit(s), 0 error(s), 0 left on base; Springfield 5 - Richland 2 |
TOP OF THE 5TH |
Springfield Shooters batting - Pitching for Richland Rails : RHP Gary Kellenberger
|
Batting: LHB Shahid Afridi
|
0-0: Ground out 3-1 (Groundball, 34)
|
Batting: RHB Gabrio Campoverde
|
0-0: Ground out 5-3 (Groundball, 5L)
|
Batting: LHB Guillermo Castro
|
0-0: Called Strike 0-1: Ball 1-1: Foul Ball, location: 2F 1-2: Ball 2-2: Foul Ball, location: 2F 2-2: SINGLE (Groundball, 56S) (infield hit)
|
Pitching: RHP Miguel Hernández
|
|
Batting: LHB Daniel Faraday
|
0-0: Foul Ball, location: 2F 0-1: Ball 1-1: SINGLE (Flyball, 78M) Guillermo Castro to second
|
Batting: RHB Esteban Alvarado
|
0-0: Ball 1-0: Ball 2-0: Ball 3-0: Called Strike 3-1: Base on Balls Guillermo Castro to third Daniel Faraday to second
|
Batting: RHB Willis Kirkendall
|
0-0: Called Strike 0-1: Ball 1-1: Called Strike 1-2: Strikes out swinging
|
Top of the 5th over - 0 run(s), 2 hit(s), 0 error(s), 3 left on base; Springfield 5 - Richland 2 |
BOTTOM OF THE 5TH |
Richland Rails batting - Pitching for Springfield Shooters : RHP Atila Freska
|
Batting: RHB Fernando Granados
|
0-0: Ball 1-0: DOUBLE (Line Drive, 78M)
|
Batting: LHB Armando Peña
|
0-0: Called Strike 0-1: Called Strike 0-2: Ball 1-2: Strikes out swinging, 2-3 out at first.
|
Batting: RHB Michael Bradshaw
|
0-0: Ball 1-0: Ball 2-0: Ball 3-0: Base on Balls
|
Batting: SHB Pablo Coloa
|
0-0: Ball 1-0: Ball 2-0: Fly out, F3 (Line Drive, 34)
|
Batting: RHB Kazu Hishida
|
0-0: SINGLE (Line Drive, 4D) Fernando Granados to third Michael Bradshaw to second Runner from 3rd tries for Home, SAFE, no throw
|
Batting: RHB Christian Gentry
|
0-0: Called Strike 0-1: Called Strike 0-2: Hit by Pitch Michael Bradshaw to third Kazu Hishida to second
|
Batting: RHB Quigley Gibson
|
0-0: Called Strike 0-1: Swinging Strike 0-2: Ball 1-2: Strikes out swinging
|
Bottom of the 5th over - 1 run(s), 2 hit(s), 0 error(s), 3 left on base; Springfield 5 - Richland 3 |
TOP OF THE 6TH |
Springfield Shooters batting - Pitching for Richland Rails : RHP Miguel Hernández
|
Batting: RHB Francisco Gonzáles
|
0-0: Called Strike 0-1: Swinging Strike 0-2: Ball 1-2: Ball 2-2: Foul Ball, location: 2F 2-2: Ground out 6-3 (Groundball, 6)
|
Batting: SHB Benedict Patel
|
0-0: Ball 1-0: SINGLE (Groundball, 5S) (infield hit)
|
Batting: RHB Javier Vásquez
|
0-0: Ball 1-0: Foul Ball, location: 2F 1-1: Called Strike 1-2: Foul Ball, location: 2F 1-2: Foul Ball, location: 2F 1-2: Ball 2-2: Ball 3-2: Foul Ball, location: 2F 3-2: Foul Ball, location: 2F 3-2: DOUBLE (Groundball, 5L) Benedict Patel to third Benedict Patel scores
|
Batting: LHB Shahid Afridi
|
0-0: Intentional Walk
|
Batting: RHB Gabrio Campoverde
|
0-0: Foul Ball, location: 2F 0-1: Foul Ball, location: 2F 0-2: Ball 1-2: DOUBLE (Flyball, 9D) Javier Vásquez scores Shahid Afridi to third
|
Batting: LHB Guillermo Castro
|
0-0: Ball 1-0: Ball 2-0: Ball 3-0: Base on Balls
|
Batting: LHB Daniel Faraday
|
0-0: Swinging Strike 0-1: Foul Ball, location: 2F 0-2: SINGLE (Line Drive, 9LS) Shahid Afridi scores Gabrio Campoverde to third Guillermo Castro to second Runner from 3rd tries for Home, SAFE, no throw
|
Pitching: RHP Maxwell Simon
|
|
Batting: RHB Esteban Alvarado
|
0-0: Ball 1-0: Called Strike 1-1: DOUBLE (Line Drive, 89M) Guillermo Castro scores Daniel Faraday to third
|
Batting: RHB Willis Kirkendall
|
0-0: Called Strike 0-1: Foul Ball, location: 2F 0-2: Foul Ball, location: 2F 0-2: Ball 1-2: Ball 2-2: Fly out, F6 (Popup, 6MD)
|
Batting: RHB Francisco Gonzáles
|
0-0: Called Strike 0-1: Swinging Strike 0-2: Ground out 6-3 (Groundball, 6S)
|
Top of the 6th over - 5 run(s), 5 hit(s), 0 error(s), 2 left on base; Springfield 10 - Richland 3 |
BOTTOM OF THE 6TH |
Richland Rails batting - Pitching for Springfield Shooters : RHP Atila Freska
|
Batting: RHB Lee Faught
|
0-0: Ball 1-0: Ball 2-0: Called Strike 2-1: Fly out, F8 (Flyball, 8RM)
|
Batting: RHB Trent Burch
|
0-0: Ball 1-0: Called Strike 1-1: Fly out, F8 (Flyball, 8RM)
|
Batting: RHB Fernando Granados
|
0-0: Ball 1-0: Called Strike 1-1: Fly out, F9 (Flyball, 9S)
|
Bottom of the 6th over - 0 run(s), 0 hit(s), 0 error(s), 0 left on base; Springfield 10 - Richland 3 |
TOP OF THE 7TH |
Springfield Shooters batting - Pitching for Richland Rails : RHP Maxwell Simon
|
Batting: SHB Benedict Patel
|
0-0: Called Strike 0-1: Fly out, F4 (Popup, 34)
|
Batting: RHB Javier Vásquez
|
0-0: Called Strike 0-1: Called Strike 0-2: Ball 1-2: Ball 2-2: Strikes out looking
|
Batting: LHB Shahid Afridi
|
0-0: Foul Ball, location: 2F 0-1: Ball 1-1: Foul Ball, location: 2F 1-2: Ball 2-2: Strikes out looking
|
Top of the 7th over - 0 run(s), 0 hit(s), 0 error(s), 0 left on base; Springfield 10 - Richland 3 |
BOTTOM OF THE 7TH |
Richland Rails batting - Pitching for Springfield Shooters : RHP Atila Freska
|
Batting: LHB Armando Peña
|
0-0: Ball 1-0: SINGLE (Line Drive, 78M)
|
Batting: RHB Michael Bradshaw
|
0-0: Called Strike 0-1: Called Strike 0-2: Foul Ball, location: 2F 0-2: Ball 1-2: Ball 2-2: Ball 3-2: Fly out, F7 (Flyball, 78S)
|
Batting: SHB Pablo Coloa
|
0-0: Called Strike 0-1: Foul Ball, location: 2F 0-2: Fly out, F8 (Flyball, 8LXD)
|
Pitching: LHP Carlos Álvarez
|
|
Batting: RHB Kazu Hishida
|
0-0: Ball Armando Peña steals 2nd base 1-0: Ball 2-0: Ball 3-0: Base on Balls
|
Batting: RHB Christian Gentry
|
0-0: Called Strike 0-1: Swinging Strike 0-2: Ball 1-2: Foul Ball, location: 2F 1-2: Ball 2-2: Fly out, F8 (Flyball, 8RM)
|
Bottom of the 7th over - 0 run(s), 1 hit(s), 0 error(s), 2 left on base; Springfield 10 - Richland 3 |
TOP OF THE 8TH |
Springfield Shooters batting - Pitching for Richland Rails : RHP Maxwell Simon
|
Batting: RHB Gabrio Campoverde
|
0-0: Fly out, F8 (Flyball, 78XD)
|
Batting: LHB Guillermo Castro
|
0-0: Ball 1-0: Swinging Strike 1-1: DOUBLE (Line Drive, 7LM)
|
Batting: LHB Daniel Faraday
|
0-0: Foul Ball, location: 2F 0-1: Fly out, F9 (Flyball, 9LD) Runner from 2nd tags up, SAFE at 3rd, no throw
|
Batting: RHB Esteban Alvarado
|
0-0: Ball 1-0: Ball 2-0: Called Strike 2-1: Foul Ball, location: 2F 2-2: Strikes out swinging
|
Top of the 8th over - 0 run(s), 1 hit(s), 0 error(s), 1 left on base; Springfield 10 - Richland 3 |
BOTTOM OF THE 8TH |
Richland Rails batting - Pitching for Springfield Shooters : LHP Carlos Álvarez
|
Now at 1B: Tony Cantú
|
|
Now in LF: Javier De Jesús
|
|
Batting: RHB Quigley Gibson
|
0-0: Called Strike 0-1: Ball 1-1: Ball 2-1: Ball 3-1: Swinging Strike 3-2: Foul Ball, location: 2F 3-2: Base on Balls
|
Pinch Hitting: LHB Orlando Casillas
|
0-0: Called Strike 0-1: Ball 1-1: SINGLE (Groundball, 4) (infield hit) Quigley Gibson to second
|
Batting: RHB Trent Burch
|
Balk! Quigley Gibson to third Orlando Casillas to second 0-0: Ball Wild Pitch! Quigley Gibson scores Orlando Casillas to third 1-0: SINGLE (Groundball, 5D) Orlando Casillas scores
|
Batting: RHB Fernando Granados
|
0-0: Called Strike 0-1: Swinging Strike 0-2: Ball 1-2: Grounds into double play, 6-4-3 (Groundball, 6)
|
Batting: LHB Armando Peña
|
0-0: Foul Ball, location: 2F 0-1: Ball 1-1: Swinging Strike 1-2: Foul Ball, location: 2F 1-2: Ground out 4-3 (Groundball, 4)
|
Bottom of the 8th over - 2 run(s), 2 hit(s), 0 error(s), 0 left on base; Springfield 10 - Richland 5 |
TOP OF THE 9TH |
Springfield Shooters batting - Pitching for Richland Rails : RHP Maxwell Simon
|
Pitching: RHP Russ Melton
|
|
Now at 1B: Rubén Hernández
|
|
Batting: RHB Willis Kirkendall
|
0-0: Called Strike 0-1: Called Strike 0-2: Strikes out swinging
|
Batting: RHB Francisco Gonzáles
|
0-0: Ball 1-0: Called Strike 1-1: Foul Ball, location: 2F 1-2: Ball 2-2: Ball 3-2: Fly out, F8 (Line Drive, 8LM)
|
Batting: SHB Benedict Patel
|
0-0: Called Strike 0-1: Ball 1-1: Ball 2-1: Ball 3-1: Foul Ball, location: 2F 3-2: Foul Ball, location: 2F 3-2: Foul Ball, location: 2F 3-2: Foul Ball, location: 2F 3-2: Strikes out swinging
|
Top of the 9th over - 0 run(s), 0 hit(s), 0 error(s), 0 left on base; Springfield 10 - Richland 5 |
BOTTOM OF THE 9TH |
Richland Rails batting - Pitching for Springfield Shooters : LHP Carlos Álvarez
|
Pitching: LHP Tomás Galván
|
|
Batting: RHB Michael Bradshaw
|
0-0: Ball 1-0: Ball 2-0: Swinging Strike 2-1: Ball 3-1: Foul Ball, location: 2F 3-2: Ground out 6-3 (Groundball, 6)
|
Batting: SHB Pablo Coloa
|
0-0: Called Strike 0-1: Ball 1-1: Fly out, F7 (Line Drive, 7D)
|
Batting: RHB Kazu Hishida
|
0-0: Called Strike 0-1: Called Strike 0-2: Ball 1-2: Foul Ball, location: 2F 1-2: Ground out 4-3 (Groundball, 4)
|
Bottom of the 9th over - 0 run(s), 0 hit(s), 0 error(s), 0 left on base; Springfield 10 - Richland 5 |
|